 Dungeon Sprint DCSS version 0.16.1-28-gcc2312f (webtiles) character file.

2 Kidiri the Firebug (level 1, 0/10 HPs)
             Began as a Deep Elf Fire Elementalist on May 28, 2015.
             Was an Initiate of Sif Muna.
             Slain by a brain worm (5 damage)
             ... in the Dungeon (Sprint VII: "The Pits").
             The game lasted 00:01:05 (83 turns).

Kidiri the Firebug (Deep Elf Fire Elementalist)       Turns: 83, Time: 00:01:05

Health: 0/10       AC:  2    Str:  5    XL:     1   Next: 25%
Magic:  0/5        EV: 13    Int: 19    God:    Sif Muna [......]
Gold:   0          SH:  0    Dex: 15    Spells: 1 memorised, 5 levels left

rFire  . . .     SeeInvis .     r - staff of energy
rCold  . . .     Clarity  .     a - +0 robe
rNeg   . . .     SustAb   .     (no shield)
rPois  .         Gourm    .     (no helmet)
rElec  .         Spirit   .     (no cloak)
rCorr  .         Warding  .     (no gloves)
rMut   .         NoTele   +     (no boots)
MR     .....                    (no amulet)
Stlth  ++........               (no ring)
                                (no ring)

@: not resistant to hostile enchantments, unstealthy
A: no striking features
a: Renounce Religion


You were in the Dungeon.
You worshipped Sif Muna.
Sif Muna was noncommittal.
You were not hungry.

You visited 1 branch

Inventory:

Hand weapons
 p - a +2 quarterstaff of crushing
Missiles
 q - 10 stones (quivered)
Armour
 a - a +0 robe (worn)
Magical staves
 r - an uncursed staff of energy (weapon)
Scrolls
 i - a scroll of blinking
 m - 3 scrolls of remove curse
 n - 5 scrolls of amnesia
 o - a scroll of summoning
Potions
 d - a potion of curing
 e - a potion of heal wounds
 f - a potion of haste
 g - 4 potions of magic
 h - 3 potions of berserk rage
 l - 2 potions of invisibility
Books
 b - a book of Flames

   Spells                             Type                      Level
   a - Flame Tongue                   Conjuration/Fire             1
   b - Throw Flame                    Conjuration/Fire             2
   c - Conjure Flame                  Conjuration/Fire             3
   d - Inner Flame                    Hexes/Fire                   3
   e - Sticky Flame                   Conjuration/Fire             4
   f - Fireball                       Conjuration/Fire             5
Comestibles
 c - 8 bread rations
 j - 40 fruits
 k - 7 meat rations


   Skills:
 + Level 0.2 Staves
 + Level 2.6 Dodging
 + Level 2.7 Stealth
 * Level 3.4 Spellcasting
 * Level 1.8 Conjurations
 * Level 3.4 Fire Magic


You had 5 spell levels left.
You knew the following spells:

 Your Spells              Type           Power        Failure   Level  Hunger
a - Flame Tongue          Conj/Fire      ##...        8%          1    None


Dungeon Overview and Level Annotations

Branches:
Dungeon (1/1)

Altars:
Ashenzari
Cheibriados
Dithmenos
Elyvilon
Fedhas
Kikubaaqudgha
Makhleb
Nemelex Xobeh
Okawaru
Ru
Sif Muna
Trog
Vehumet
Xom
Yredelemnul
Zin
The Shining One
Beogh
Jiyva
Lugonu


Message History

You kill the giant newt!
Casting: Flame Tongue
Confirm with . or Enter, or press ? or * to list all spells.
Aiming: Flame Tongue
Press: ? - help, Shift-Dir - straight line, f/p - brain worm
Aim: a brain worm (heavily wounded)
The flame tongue hits the brain worm.
The brain worm is severely wounded.
The brain worm bites you.
Ouch! That really hurt!
Casting: Flame Tongue
Confirm with . or Enter, or press ? or * to list all spells.
Aiming: Flame Tongue
Press: ? - help, Shift-Dir - straight line, f/p - brain worm
Aim: a brain worm (severely wounded)
The flame tongue hits the brain worm.
The brain worm is almost dead.
The brain worm bites you.
Ouch! That really hurt!
You die...

############
#__________#
#__________#
#.#####'##############++
#.))'.'..##...........
#)))#.#?.##......#..#.
#######'#####...........
#......@....'...........
#+#####w#####......#..#.
..# #........... +..#
####'#####++ ####
#.......# #.......#
#.......# #...<...#
#.......#


You could see a brain worm.

Vanquished Creatures
  A bat skeleton (D)
  A giant newt (D)
2 creatures vanquished.

Notes
Turn   | Place    | Note
--------------------------------------------------------------
     0 | D        | Kidiri, the Deep Elf Fire Elementalist, began the quest for the Orb.
     0 | D        | Reached XP level 1. HP: 10/10 MP: 5/5
    23 | D        | Found a sacrificial altar of Ru.
    23 | D        | Found a basalt altar of Yredelemnul.
    23 | D        | Found a shadowy altar of Dithmenos.
    23 | D        | Found a deep blue altar of Sif Muna.
    23 | D        | Found a burning altar of Makhleb.
    23 | D        | Found a shimmering altar of Xom.
    23 | D        | Found an ancient bone altar of Kikubaaqudgha.
    23 | D        | Found a sparkling altar of Nemelex Xobeh.
    24 | D        | Found a glowing golden altar of the Shining One.
    24 | D        | Found a bloodstained altar of Trog.
    24 | D        | Found a shattered altar of Ashenzari.
    24 | D        | Found a white marble altar of Elyvilon.
    24 | D        | Found a snail-covered altar of Cheibriados.
    24 | D        | Found a blossoming altar of Fedhas.
    24 | D        | Found a radiant altar of Vehumet.
    24 | D        | Found a glowing silver altar of Zin.
    24 | D        | Found a corrupted altar of Lugonu.
    24 | D        | Found a viscous altar of Jiyva.
    24 | D        | Found a roughly hewn altar of Beogh.
    24 | D        | Found an iron altar of Okawaru.
    71 | D        | Became a worshipper of Sif Muna the Loreminder
    78 | D        | Noticed a brain worm
    83 | D        | Slain by a brain worm

Action                   || total
-------------------------++-------
 Cast: Flame Tongue      ||     6
